 Dungeon Crawl Stone Soup version 0.22.1-6-g1668fe2c40 (webtiles) character file.

2118 Flure the Insei (level 9, -5/61 HPs)
             Began as an Octopode Transmuter on Jan 24, 2019.
             Was a Follower of Makhleb.
             Slain by Joseph
             ... wielding a +0 quarterstaff
              (17 damage)
             ... on level 7 of the Dungeon.
             The game lasted 00:18:27 (8501 turns).

Flure the Insei (Octopode Transmuter)               Turns: 8501, Time: 00:18:28

Health: -5/61      AC:  2    Str: 13    XL:     9   Next: 29%
Magic:  15/16      EV: 24    Int: 19    God:    Makhleb [*.....]
Gold:   323        SH:  0    Dex: 23    Spells: 7/17 levels left

rFire    . . .     SeeInvis .     - Unarmed
rCold    . . .     Gourm    .   (shield currently unavailable)
rNeg     . . .     Faith    .   (helmet currently unavailable)
rPois    x         Spirit   .   o - amulet of rage
rElec    .         Reflect  .   n - +6 ring of dexterity
rCorr    .         Harm     .   t - +4 ring of strength
MR       .....                  (no ring)
Stlth    ++........             (no ring)
HPRegen  0.20/turn              (no ring)
MPRegen  0.15/turn              (no ring)
                                (no ring)
                                (no ring)

@: spider-form
A: tiny, almost no armour, stealthy swim, (amphibious), 8 rings, (constrict 8)
a: End Transformation, Renounce Religion, Evoke Berserk Rage


You were on level 7 of the Dungeon.
You worshipped Makhleb.
Makhleb was aware of your devotion.
You were not hungry.
You were a venomous arachnid creature.
You visited 2 branches of the dungeon, and saw 9 of its levels.

You collected 323 gold pieces.

Inventory:

Missiles
 a - 59 arrows
Jewellery
 n - a +6 ring of dexterity (left front leg)
 o - an amulet of rage (around neck)
 t - a +4 ring of strength (right front leg)
 A - an uncursed ring of ice {unknown}
Wands
 k - a wand of iceblast (5)
 z - a wand of paralysis (4)
Scrolls
 b - 6 scrolls of remove curse
 e - 4 scrolls of immolation
 f - 3 scrolls of teleportation
 g - a scroll of enchant armour {unknown}
 h - a scroll of magic mapping {unknown}
 q - 7 scrolls of identify
 u - 2 scrolls of amnesia {unknown}
 x - a scroll of vulnerability {unknown}
 y - a scroll of blinking {unknown}
Potions
 d - a potion of curing
 i - 2 potions of flight
 j - 3 potions of might
 l - a potion of invisibility
 m - 2 potions of heal wounds
 p - 4 potions of agility
 r - a potion of lignification {unknown}
 s - 2 potions of resistance {unknown}
 v - a potion of cancellation {unknown}
 w - 2 potions of degeneration {unknown}
Comestibles
 c - 10 rations


   Skills:
 * Level 5.1 Fighting
 - Level 5.0 Dodging
 - Level 1.0 Stealth
 + Level 7.1 Unarmed Combat
 + Level 4.9 Spellcasting
 + Level 4.9 Transmutations
 * Level 1.8 Ice Magic
 - Level 1.0 Poison Magic
 + Level 0.1 Evocations


You had 7 spell levels left.
You knew the following spells:

 Your Spells              Type           Power        Failure   Level  Hunger
a - Beastly Appendage     Tmut           ###...       7%          1    None
b - Sticks to Snakes      Tmut           ###.....     10%         2    #......
c - Spider Form           Tmut/Pois      ###.......   26%         3    ##.....
d - Ice Form              Ice/Tmut       ###.....     52%         4    ####...

Your spell library contained the following spells:

 Spells                   Type           Power        Failure   Level  Hunger
 Animate Skeleton         Necr           N/A          30%         1    None
 Corona                   Hex            #......      30%         1    None
 Pain                     Necr           #...         30%         1    None
 Sandblast                Erth           #.....       30%         1    None
 Slow                     Hex            #.......     38%         2    #......
 Inner Flame              Hex/Fire       #.......     58%         3    ##.....
 Portal Projectile        Hex/Tloc       #.....       58%         3    ##.....
 Regeneration             Chrm/Necr      #.........   58%         3    ##.....
 Vampiric Draining        Necr           #.........   58%         3    ##.....
 Blade Hands              Tmut           ###.......   63%         5    ######.
 Animate Dead             Necr           N/A          90%         4    ####...
 Cause Fear               Hex            #.........   90%         4    ####...
 Leda's Liquefaction      Hex/Erth       #.........   90%         4    ####...
 Yara's Violent Unravell  Hex/Tmut       ##........   90%         5    ######.
 Silence                  Hex/Air        #.........   99%         5    ######.
 Deflect Missiles         Chrm/Air       #.........   100%        6    #######
 Discord                  Hex            #.........   100%        8    #######


Dungeon Overview and Level Annotations

Branches:
Dungeon (8/15)             Temple (1/1) D:5
   Lair: D:8-11

Altars:
Cheibriados
Dithmenos
Elyvilon
Fedhas
Hepliaklqana
Kikubaaqudgha
Makhleb
Nemelex Xobeh
Okawaru
Qazlal
Sif Muna
Trog
Uskayaw
Vehumet
Wu Jian
Xom
Yredelemnul
The Shining One
Lugonu

Shops:
D:6 :

Annotations:
D:3 2 runed doors, Ishchenko's ghost, amateur NaVM
D:7 Joseph


Innate Abilities, Weirdness & Mutations

You cannot wear most types of armour.
You are very stealthy in the water. (Stealth+)
((You are amphibious.))
You can wear up to eight rings at the same time.
((You can use your tentacles to constrict eight enemies at once.))
((Your skin changes colour to match your surroundings (Stealth+).))
((Your rubbery body absorbs attacks. (AC +1, EV +1)))


Message History

The magic dart hits you! Something hits you.
A leopard gecko comes into view.
The orc wizard gestures at you while chanting.
The puff of frost misses you. Something closely misses you.
You climb upwards.
There is a stone staircase leading down here.
You start resting.
Something hits you!
You start resting.
Something closely misses you.
A sling bullet appears from out of thin air!
The sling bullet hits you!
You see here a sling bullet.
You bite something! Something barely misses you.
Unknown command.
You hit something. Something hits you!
* * * LOW HITPOINT WARNING * * *
Evoke which item? (* to show all) (? for menu, Esc to quit)
Aiming: Paralyse
Press: ? - help, Shift-Dir - straight line Nothing appears to happen.
Something hits you!
You die...

#..........####
#...#.......<.#
#########.##..........
#..........#.......<.#
#.##.........#....####
#.##.........#....# #
#>...........#....# #
#..........#.#.##.####
#...{s....##....#[....
####.>(#####..#...####
#...# ##...#.#
###########...#
##.##.#
#............## #.##.#
#.############ #.##.#
#.# ###.##.#### #.#
##...##..... #.#
##.).###.####


There were no monsters in sight!

Vanquished Creatures
  Prince Ribbit (D:6)
  Menkaure (D:7)
  A water moccasin (D:7)
  2 black bears
  A phantom (D:4)
  A sky beast (D:6)
  2 ogres
  A water moccasin skeleton (D:4)
  4 killer bees (D:7)
  A howler monkey (D:2)
  A crimson imp (D:5)
  4 hounds
  A jelly (D:6)
  3 orc priests
  9 orc wizards
  Jessica (D:3)
  An iguana (D:5)
  2 worker ants
  A killer bee zombie (D:5)
  A hound zombie (D:7)
  Robin (D:3)
  12 adders
  A shadow imp (D:6)
  2 oozes
  2 worms
  3 dart slugs
  2 leopard geckos (D:3)
  27 orcs
  5 giant cockroaches
  12 goblins
  9 hobgoblins
  2 jackals (D:3)
  A quokka (D:4)
  2 ball pythons (D:3)
  A ball python skeleton (D:5)
  9 bats
  4 frilled lizards
  A jackal skeleton (D:6)
  9 kobolds
  12 rats
156 creatures vanquished.

Vanquished Creatures (others)
  A leopard gecko (D:8)
1 creature vanquished.

Grand Total: 157 creatures vanquished

Notes
Turn   | Place    | Note
-------+----------+-------------------------------------------
     0 | D:1      | Flure the Octopode Transmuter began the quest for the Orb.
     0 | D:1      | Reached XP level 1. HP: 13/13 MP: 3/3
   317 | D:1      | Reached XP level 2. HP: 14/18 MP: 3/5
  1011 | D:2      | Noticed an ogre
  1033 | D:2      | Noticed a howler monkey
  1043 | D:1      | Reached XP level 3. HP: 14/23 MP: 6/6
  1241 | D:1      | Learned a level 2 spell: Sticks to Snakes
  1245 | D:1      | Learned a level 3 spell: Spider Form
  1253 | D:2      | Reached skill level 1 in Stealth
  1514 | D:2      | Reached XP level 4. HP: 20/29 MP: 3/7
  1645 | D:2      | Killed an ogre
  1645 | D:2      | Reached skill level 4 in Unarmed Combat
  1645 | D:2      | Reached XP level 5. HP: 33/34 MP: 0/9
  1677 | D:2      | Found a shimmering altar of Xom.
  1950 | D:3      | Noticed Jessica
  1961 | D:3      | Killed Jessica
  2029 | D:3      | Noticed Robin
  2043 | D:3      | Killed Robin
  2075 | D:3      | Reached XP level 6. HP: 41/41 MP: 8/10
  2238 | D:3      | Reached skill level 1 in Poison Magic
  2284 | D:3      | Found a runed door.
  2289 | D:3      | Noticed Ishchenko's ghost (amateur NaVM)
  2793 | D:3      | Found a faded altar of an unknown god.
  2793 | D:3      | Found a white marble altar of Elyvilon.
  2799 | D:3      | Found a stormy altar of Qazlal.
  2801 | D:3      | Found an iron altar of Okawaru.
  2802 | D:3      | Found a faded altar of an unknown god.
  2911 | D:3      | Found a runed door.
  3074 | D:3      | Learned a level 4 spell: Ice Form
  3234 | D:4      | Reached XP level 7. HP: 15/46 MP: 11/11
  3523 | D:4      | Found a bloodstained altar of Trog.
  3947 | D:4      | Reached skill level 5 in Unarmed Combat
  4252 | D:5      | Entered Level 5 of the Dungeon
  4482 | D:5      | Found a staircase to the Ecumenical Temple.
  4493 | Temple   | Entered the Ecumenical Temple
  4920 | D:5      | Found a deep blue altar of Sif Muna.
  4940 | D:5      | Identified Sif Muna's Catalogue of the Mountains
  5603 | D:4      | Found a burning altar of Makhleb.
  5694 | D:4      | Reached XP level 8. HP: 24/54 MP: 7/13
  5908 | D:4      | Became a worshipper of Makhleb the Destroyer
  5996 | D:6      | Found Vuegruo's Book Boutique.
  6000 | D:6      | Found a shimmering altar of Xom.
  6221 | D:6      | Found a glowing golden altar of the Shining One.
  6328 | D:6      | Reached skill level 6 in Unarmed Combat
  6644 | D:6      | Noticed Prince Ribbit
  6653 | D:6      | Killed Prince Ribbit
  6653 | D:6      | Reached * piety under Makhleb
  6795 | D:7      | Noticed Menkaure
  7014 | D:7      | Killed Menkaure
  7220 | D:7      | Reached XP level 9. HP: 42/60 MP: 11/15
  7494 | D:7      | Found a sparkling altar of Nemelex Xobeh.
  7544 | D:7      | Found a snail-covered altar of Cheibriados.
  7897 | D:7      | HP: 3/60 [black bear (3)]
  7899 | D:7      | Reached skill level 5 in Fighting
  7899 | D:7      | Reached skill level 5 in Dodging
  7899 | D:7      | Reached skill level 7 in Unarmed Combat
  7899 | D:7      | Reached skill level 1 in Ice Magic
  8487 | D:8      | Noticed Joseph
  8501 | D:7      | Slain by Joseph

Skill      XL: |  1  2  3  4  5  6  7  8  9 |
---------------+----------------------------+-----
Stealth        | 1 |  1.0
Fighting       | 2 3 4 5 |  5.1
Unarmed Combat | 4 5 6 7 |  7.1
Dodging        | 3 4 5 |  5.0
Poison Magic   | 1 |  1.0
Spellcasting   | 3 4 |  4.9
Transmutations | 3 4 |  4.9
Ice Magic      | 1 |  1.8
Evocations     | |  0.1

Action                   |  1- 3 |  4- 6 |  7- 9 || total
-------------------------+-------+-------+-------++-------
Melee: Unarmed           |    51 |   152 |   228 ||   431
       Constrict         |    12 |    28 |    18 ||    58
       Tentacles         |     3 |    13 |    20 ||    36
       Kick              |     6 |    14 |    26 ||    46
       Punch             |     2 |     1 |     6 ||     9
 Cast: Beastly Appendage |    11 |    13 |    16 ||    40
       Spider Form       |     1 |    10 |    18 ||    29
       Sticks to Snakes  |       |     2 |     7 ||     9
       Ice Form          |       |       |     3 ||     3
Evoke: Wand              |       |       |     5 ||     5
  Use: Scroll            |       |     3 |     4 ||     7
       Potion            |       |     1 |     4 ||     5
 Stab: Sleeping          |     6 |     8 |    11 ||    25
  Eat: Chunk             |     1 |     8 |    12 ||    21
       Ration            |       |       |     2 ||     2
Armor: Skin              |     2 |     8 |    11 ||    21
Dodge: Dodged            |    41 |    98 |   182 ||   321
